Map: Cosmic Sapphire

Players

Astrea

  • Race: Protoss Protoss
  • League: Master
  • Spawn Location: 11:00

SKillous - Winner!

  • Race: Protoss Protoss
  • League: Grandmaster
  • Spawn Location: 5:00

Event: HomeStory Cup XXII

VOD

Have the link to the VOD?

Description

Time

  • Played on: Dec. 16, 2022, 7 a.m.
  • Length: 5:27

All games in this series

Show
View Real Time Build Order
Export as new Build Order

Astrea Protoss 

Build Orders: 1 Gate Expand 

Get SALT Encoding   

  12  0:00  Probe  
  13  0:12  Probe  
  14  0:18  Pylon  
  14  0:24  Probe (Chrono Boost)  
  15  0:37  Probe (Chrono Boost), Gateway  
  16  0:44  Probe (Chrono Boost)  
  16  0:45  Assimilator  
  17  0:51  Probe  
  18  1:03  Probe  
  20  1:22  Nexus, Probe  
  20  1:33  Cybernetics Core  
  20  1:35  Probe  
  21  1:40  Assimilator  
  21  1:48  Probe  
  21  1:50  Pylon  
  22  2:00  Probe  
  23  2:07  Stalker (Chrono Boost)  
  23  2:10  Warp Gate  
  23  2:12  Probe  
  26  2:24  Probe  
  26  2:29  Stalker  
  27  2:34  Probe  
  27  2:36  Probe  
  31  2:41  Robotics Facility  
  31  2:46  Probe  
  31  2:48  Probe  
  33  2:58  Probe  
  33  2:59  Shield Battery  
  33  3:01  Probe  
  35  3:11  Probe  
  36  3:13  Probe  
  36  3:23  Probe  
  36  3:25  Probe  
  35  3:29  Immortal (Chrono Boost)  
  38  3:41  Shield Battery  
  27  3:58  Immortal (Chrono Boost)  
  29  4:03  Sentry  
  26  4:24  Shield Battery  
  24  4:32  Stalker  
  24  4:37  Probe  
  27  4:41  Probe  
  29  5:02  Zealot  
  29  5:04  Probe  
  26  5:07  Probe  
Show
View Real Time Build Order
Export as new Build Order

SKillous Protoss - Winner!

Build Orders:  

Get SALT Encoding   

  12  0:00  Probe  
  13  0:12  Probe  
  14  0:16  Pylon  
  14  0:24  Probe (Chrono Boost)  
  15  0:36  Probe (Chrono Boost)  
  15  0:37  Gateway  
  16  0:44  Probe (Chrono Boost)  
  16  0:46  Assimilator  
  17  0:51  Probe  
  17  0:55  Assimilator  
  18  1:03  Probe (Chrono Boost)  
  19  1:08  Gateway  
  20  1:12  Probe (Chrono Boost)  
  20  1:17  Probe (Chrono Boost)  
  20  1:24  Cybernetics Core  
  21  1:29  Probe  
  22  1:39  Pylon  
  22  1:41  Probe  
  23  2:02  Robotics Facility  
  23  2:03  Adept x2  
  23  2:06  Warp Gate  
  27  2:14  Pylon  
  27  2:33  Stalker x2  
  31  2:47  Immortal (Chrono Boost)  
  37  3:10  Pylon  
  35  3:16  Immortal (Chrono Boost)  
  39  3:28  Pylon  
  34  3:48  Immortal (Chrono Boost)  
  38  3:56  Adept x2  
  40  4:18  Adept x2  
  40  4:25  Immortal (Chrono Boost)  
  38  4:41  Stalker x2  
  44  5:16  Stalker x2  
Tags
 
Add a new tag
Caveats
  • Supply blocks, unpowered buildings, or Contaminate may cause inaccurate times.
  • Supply counts are checked every 10 seconds.